 Dungeon Crawl Stone Soup version 0.22-a0-136-g83a10e5 (webtiles) character file.

2974 varam the Grappler (level 9, -7/87 HPs)
             Began as a Troll Monk on Feb 2, 2018.
             Was an Elder of Nemelex Xobeh.
             Mangled by varam's ghost (25 damage)
             ... on level 8 of the Dungeon.
             The game lasted 00:15:41 (5765 turns).

varam the Grappler (Troll Monk)                     Turns: 5765, Time: 00:15:41

Health: -7/87      AC:  7    Str: 21    XL:     9   Next: 53%
Magic:  13/13      EV: 12    Int:  9    God:    Nemelex Xobeh [****..]
Gold:   324        SH:  0    Dex: 12    Spells: 8/8 levels left

rFire    . . .     SeeInvis .     - Unarmed
rCold    . . .     Gourm    +   (no shield)
rNeg     . . .     Faith    .   G - +2 robe {MR+}
rPois    .         Spirit   .   (helmet restricted)
rElec    .         Reflect  .   (no cloak)
rCorr    +         Harm     .   (gloves unavailable)
MR       +....                  (boots unavailable)
Stlth    ++........             (no amulet)
HPRegen  0.64/turn              t - ring of resist corrosion
MPRegen  0.13/turn              (no ring)

@: no status effects
A: large, unfitting armour, claws 3, fast metabolism 3, gourmand, regeneration
1, shaggy fur 1, tough skin 2
a: Triple Draw, Deal Four, Renounce Religion


You were on level 8 of the Dungeon.
You worshipped Nemelex Xobeh.
Nemelex Xobeh was greatly pleased with you.
You were completely stuffed.

You visited 1 branch of the dungeon, and saw 9 of its levels.

You collected 324 gold pieces.

Inventory:

Missiles
 d - a throwing net (quivered)
Armour
 a - a +0 robe
 G - a +2 robe of magic resistance (worn)
Jewellery
 t - a ring of resist corrosion (left claw)
 x - an uncursed ring of protection from magic {unknown}
Wands
 E - a wand of paralysis (21)
 F - a wand of enslavement (9)
Scrolls
 e - a scroll of enchant armour {unknown}
 h - 3 scrolls of teleportation
 k - a scroll of fear
 n - 3 scrolls of blinking {unknown}
 p - a scroll of magic mapping
 r - 3 scrolls of remove curse {unknown}
 v - a scroll of enchant weapon {unknown}
 w - a scroll of immolation {unknown}
 A - a scroll of holy word {unknown}
 C - a scroll of amnesia
 D - a scroll of torment {unknown}
Potions
 c - 4 potions of curing
 f - a potion of magic
 g - a potion of mutation {unknown}
 i - a potion of flight
 o - a potion of berserk rage {unknown}
 q - 2 potions of agility {unknown}
 s - 2 potions of ambrosia {unknown}
 u - a potion of resistance {unknown}
 z - a potion of cancellation {unknown}
 I - 2 potions of heal wounds {unknown}
Books
 H - a book of Maledictions

   Spells                             Type                      Level
   a - Corona                         Hexes                        1
   b - Ensorcelled Hibernation        Hexes/Ice                    2
   c - Confuse                        Hexes                        3
   d - Tukima's Dance                 Hexes                        3
   e - Dazzling Spray                 Conjuration/Hexes            3
Miscellaneous
 j - a plain deck of escape
 l - a plain deck of destruction {drawn: 8}
 m - a plain deck of escape {drawn: 1}
 y - a plain deck of escape
 B - a plain deck of summoning {drawn: 6}
 K - an ornate deck of summoning {drawn: 1}
Comestibles
 b - 8 rations


   Skills:
 + Level 4.9 Fighting
 + Level 4.9 Dodging
 - Level 1.0 Stealth
 - Level 8.0 Unarmed Combat
 + Level 7.5 Invocations


You had 8 spell levels left.
You didn't know any spells.

Dungeon Overview and Level Annotations

Branches:
Dungeon (9/15)             Temple (0/1) D:6
   Lair: D:8-11         Orc: D:9-12

Altars:
Kikubaaqudgha
Nemelex Xobeh
Okawaru
Qazlal
Sif Muna
Trog
Uskayaw
Vehumet
Xom

Annotations:
D:8 varam's ghost, journeyman TrMo


Innate Abilities, Weirdness & Mutations

You are too large for most types of armour.
You have claws for hands.
Your metabolism is lightning-fast.
You like to eat raw meat.
Your natural rate of healing is unusually fast.
You are covered in fur. (AC +1)
You have very tough skin. (AC +2)


Message History

Your sixfirhy barely misses varam's ghost.
Varam's ghost ripples.
Varam's ghost hits you!!
* * * LOW HITPOINT WARNING * * *
Your sixfirhy hits varam's ghost.
Your sixfirhy shocks varam's ghost.
Varam's ghost resists.
Your rakshasa blinks!
Your rakshasa closely misses varam's ghost.
You completely miss varam's ghost. Your claw misses varam's ghost.
Varam's ghost is heavily damaged.
Your sixfirhy hits varam's ghost!
Your sixfirhy shocks varam's ghost.
Varam's ghost resists.
Your sixfirhy misses varam's ghost.
Your sixfirhy hits varam's ghost but does no damage.
Varam's ghost hits your sixfirhy!!
Your rakshasa barely misses varam's ghost.
You scratch varam's ghost but do no damage.
Varam's ghost is heavily damaged.
Varam's ghost hits you!!
You die...
Your body glows with a rainbow of weird colours and disappears.

#....)..<..##.# #.#
#..........##.# #.#
####.##.......##.# #.#
#....##.#>.##.##.###.#
#.#####.#............#
#.# #.##.##.##.#####
#.#####.##R##.####
#.##)...##.##.'_#
#.#......RR@..###
######.......##W####
..............3.......#
##.######...##..#######
#.# ######..# #.# #..#
#.# .?.# #.. ...# ###
#####


You could see varam's ghost, 3 friendly rakshasas and a friendly sixfirhy.

Vanquished Creatures
  An orc warrior (D:6)
  2 ice beasts
  2 sky beasts (D:7)
  A phantom (D:7)
  2 centaurs
  2 ogres
  The ghost of Sergey the Charmwright, an amateur VSSk of Cheibriados (D:6)
  A bullfrog (D:8)
  A scorpion (D:4)
  5 killer bees (D:7)
  3 crimson imps
  4 hounds
  2 quasits
  An orc priest (D:3)
  A jelly (D:8)
  5 orc wizards
  3 iguanas
  3 worker ants
  A hound skeleton (D:7)
  9 adders
  A river rat (D:4)
  A shadow imp (D:8)
  2 adder zombies
  2 oozes
  2 worms
  A dart slug (D:1)
  4 leopard geckos
  26 orcs
  A ball python (D:4)
  6 giant cockroaches
  4 goblins (D:3)
  9 hobgoblins
  4 jackals
  6 kobolds
  A quokka (D:3)
  8 bats
  5 frilled lizards
  7 rats
140 creatures vanquished.

Vanquished Creatures (collateral kills)
  Pikel (D:7)
  Joseph (D:7)
  Sigmund (D:3)
  A slave (D:7)
  An ogre (D:5)
  A killer bee (D:7)
  A scorpion (D:5)
  Dowan (D:7)
  A worker ant (D:5)
  2 orcs
  A bat (D:3)
  A quokka (D:7)
13 creatures vanquished.

Vanquished Creatures (others)
  Duvessa (D:7)
  An orc warrior (D:7)
  2 orc priests (D:6)
  An orc (D:7)
5 creatures vanquished.

Grand Total: 158 creatures vanquished

Notes
Turn   | Place    | Note
-------+----------+-------------------------------------------
     0 | D:1      | varam the Troll Monk began the quest for the Orb.
     0 | D:1      | Reached XP level 1. HP: 22/22 MP: 0/0
   146 | D:1      | Reached XP level 2. HP: 29/29 MP: 1/1
   295 | D:1      | Reached skill level 4 in Unarmed Combat
   485 | D:1      | Reached XP level 3. HP: 36/36 MP: 2/2
   839 | D:2      | Found a sparkling altar of Nemelex Xobeh.
   867 | D:2      | Became a worshipper of Nemelex Xobeh the Trickster
   867 | D:2      | Received a gift from Nemelex Xobeh
   867 | D:2      | Reached * piety under Nemelex Xobeh
   867 | D:2      | Received a gift from Nemelex Xobeh
   867 | D:2      | Reached ** piety under Nemelex Xobeh
  1042 | D:3      | Reached XP level 4. HP: 44/44 MP: 3/3
  1084 | D:3      | You fall through a shaft!
  1089 | D:4      | Received a gift from Nemelex Xobeh
  1115 | D:4      | Reached skill level 5 in Unarmed Combat
  1115 | D:4      | Reached skill level 1 in Invocations
  1176 | D:5      | Entered Level 5 of the Dungeon
  1215 | D:4      | Reached skill level 2 in Invocations
  1215 | D:4      | Reached XP level 5. HP: 50/50 MP: 5/5
  1570 | D:3      | Noticed Sigmund
  1600 | D:3      | Killed Sigmund
  1600 | D:3      | Reached XP level 6. HP: 50/59 MP: 5/7
  1685 | D:3      | Found a shimmering altar of Xom.
  1686 | D:3      | Received a gift from Nemelex Xobeh
  1691 | D:3      | Reached skill level 6 in Unarmed Combat
  1691 | D:3      | Reached skill level 3 in Invocations
  1805 | D:3      | Reached *** piety under Nemelex Xobeh
  2067 | D:3      | Found an ancient bone altar of Kikubaaqudgha.
  2909 | D:4      | Reached XP level 7. HP: 43/66 MP: 8/8
  2984 | D:5      | Reached skill level 4 in Invocations
  3038 | D:5      | Reached skill level 7 in Unarmed Combat
  3078 | D:5      | Received a gift from Nemelex Xobeh
  3182 | D:5      | Reached skill level 5 in Invocations
  3384 | D:6      | Reached XP level 8. HP: 60/74 MP: 9/11
  3467 | D:6      | Found a hide-covered altar of Uskayaw.
  3531 | D:6      | Noticed Sergey's ghost (amateur VSSk)
  3538 | D:6      | Killed Sergey's ghost
  3776 | D:6      | Reached skill level 8 in Unarmed Combat
  3802 | D:6      | Found a staircase to the Ecumenical Temple.
  3961 | D:6      | Reached **** piety under Nemelex Xobeh
  4173 | D:7      | Received a gift from Nemelex Xobeh
  4445 | D:7      | Reached skill level 6 in Invocations
  4455 | D:7      | Reached skill level 3 in Fighting
  4455 | D:7      | Reached skill level 3 in Dodging
  4487 | D:7      | Noticed Dowan
  4491 | D:7      | Killed Dowan
  4495 | D:7      | Noticed Joseph
  4506 | D:7      | Noticed Duvessa
  4509 | D:7      | Killed Joseph
  4517 | D:7      | Killed Duvessa
  4684 | D:7      | Reached skill level 4 in Fighting
  4684 | D:7      | Reached skill level 4 in Dodging
  4684 | D:7      | Reached XP level 9. HP: 80/84 MP: 11/13
  4767 | D:7      | Found an iron altar of Okawaru.
  4767 | D:7      | Found a bloodstained altar of Trog.
  4772 | D:7      | Found a deep blue altar of Sif Muna.
  4902 | D:7      | Noticed Pikel
  5076 | D:7      | Killed Pikel
  5076 | D:7      | Reached skill level 7 in Invocations
  5257 | D:7      | Received a gift from Nemelex Xobeh
  5614 | D:8      | Found a radiant altar of Vehumet.
  5746 | D:8      | Found a stormy altar of Qazlal.
  5749 | D:8      | Noticed varam's ghost (journeyman TrMo)
  5765 | D:8      | Mangled by varam's ghost

Vault maps used:
D:1:      dpeg_arrival_rooms_c, minmay_ruptured
D:2:      nemelex_altar_shiori
D:3:      nicolae_overflow_hidden_temple, old_standard_altar,
          minmay_misc_feat_nine_boxes, minmay_misc_feat_encased, uniq_sigmund
D:4:      nrook_mini_vaults
D:5:      first_ration
D:6:      lemuel_doored_altar, temple_statues
D:7:      grunt_temple_overflow_open, uniq_duvessa, uniq_joseph, uniq_pikel
D:8:      lemuel_crystal_altar, kennysheep_mini
D:9:      erik_orc_4, serial_shops, nicolae_shop_overgrown_old_shop,
          nicolae_shop_crystal, shop, shop, hangedman_fish_farm, abandoned_shop,
          fedhas_altar_3

Skill      XL: |  1  2  3  4  5  6  7  8  9 |
---------------+----------------------------+-----
Unarmed Combat | 4 5 6 7 8 |  8.0
Invocations    | 2 3 5 6 7 |  7.5
Fighting       | 4 |  4.9
Dodging        | 4 |  4.9
Stealth        | |  1.0

Action                   |  1- 3 |  4- 6 |  7- 9 || total
-------------------------+-------+-------+-------++-------
Melee: Unarmed           |    84 |   152 |   223 ||   459
       Punch             |     1 |     9 |     4 ||    14
Evoke: Deck              |       |     5 |    17 ||    22
       Wand              |       |       |     2 ||     2
  Use: Scroll            |       |       |     6 ||     6
 Stab: Sleeping          |     1 |     2 |     4 ||     7
       Confused          |       |       |     1 ||     1
  Eat: Chunk             |    15 |     6 |    34 ||    55
       Ration            |       |     1 |       ||     1
Armor: Robe              |    38 |    21 |    66 ||   125
Dodge: Dodged            |    47 |    51 |   112 ||   210

Table legend:
 A = Spawn XP
 B = Non-spawn XP
 C = Spawn XP percentage of total XP
 D = Spawn monster count
 E = Non-spawn monster count
 F = Spawn count percentage of total count
 G = Total turns spent on level
                    A         B        C        D         E        F      G
               +---------+---------+-------+---------+---------+-------+---------
         Total |       0 |    4249 |   0.0 |       0 |     156 |   0.0 |  5765
               +---------+---------+-------+---------+---------+-------+---------
           D:1 |       0 |      47 |   0.0 |       0 |      25 |   0.0 |   659
           D:2 |       0 |      39 |   0.0 |       0 |      12 |   0.0 |   379
           D:3 |       0 |     258 |   0.0 |       0 |      30 |   0.0 |   847
           D:4 |       0 |     423 |   0.0 |       0 |      17 |   0.0 |  1010
           D:5 |       0 |     508 |   0.0 |       0 |      18 |   0.0 |   477
           D:6 |       0 |     406 |   0.0 |       0 |       8 |   0.0 |   832
           D:7 |       0 |    2163 |   0.0 |       0 |      32 |   0.0 |  1061
           D:8 |       0 |     401 |   0.0 |       0 |      12 |   0.0 |   468
           D:9 |       0 |       4 |   0.0 |       0 |       2 |   0.0 |    32
               +---------+---------+-------+---------+---------+-------+---------
